AoeStats
← 西装老头

Arena

510494216Analyzed
4v4 RM · 19h ago on Oct 1, 2026· 33m 7s· 8 players
Game mode
Random Map
Map size
Large (8 player)
Population
200
Speed
Normal
Resources
Standard
Victory
Conquest
Starting age
Dark Age
Ending age
Imperial Age
RankedLock teamsTeams togetherTeam positionsShared explorationLock speedFull tech treeHidden civsTurbo modeCheats
Victory
Defeat
🇨🇳 Khmer · China
896
+13
🇳🇿 Franks · New Zealand
892
+13
🇮🇹 Jurchens · Italy
786
+18
🇨🇳 Turks · China
784
+18
🇹🇷 Japanese · Türkiye
851
-16
🇹🇷 Britons · Türkiye
850
-16
🇪🇸 Mongols · Spain
831
-16
🇹🇷 Teutons · Türkiye
786
-14
fer_es_merengue9
5:47 Loom
11:09 Feudal Age
12:13 Double-Bit Axe
14:53 Loom
18:04 Castle Age
17:57 Fletching
18:00 Gold Mining
17:51 Horse Collar
18:03 Stone Mining
19:34 Bow Saw
21:39 Bodkin Arrow
22:28 Heavy Plow
23:22 Padded Archer Armor
26:04 Leather Archer Armor
27:59 Forging
28:01 Scale Barding Armor
28:10 Nomads
29:04 Fortified Wall
28:50 Murder Holes
29:59 Gold Shaft Mining
30:17 Iron Casting
ryioze
8:25 Loom
12:28 Feudal Age
16:52 Castle Age
15:08 Double-Bit Axe
15:15 Stone Mining
15:46 Horse Collar
18:16 Bow Saw
25:42 Heavy Plow
25:55 Gold Mining
27:49 Gold Shaft Mining
Merginator44
0:35 Loom
15:21 Feudal Age
15:57 Double-Bit Axe
15:58 Horse Collar
19:30 Gold Mining
19:35 Stone Mining
23:15 Castle Age
25:11 Gold Shaft Mining
25:33 Bloodlines
25:25 Husbandry
25:35 Heavy Plow
25:47 Bow Saw
25:06 Elite Skirmisher
26:23 Light Cavalry
28:46 Wheelbarrow
27:57 Town Watch
28:08 Fletching
28:19 Padded Archer Armor
28:20 Scale Mail Armor
30:07 Hand Cart
29:54 Town Patrol
32:59 Bodkin Arrow
32:31 Light Cavalry
minEng [Alca Torda]
13:20 Feudal Age
11:35 Loom
17:26 Forging
17:22 Double-Bit Axe
17:22 Horse Collar
22:12 Castle Age
20:25 Gold Mining
20:36 Stone Mining
22:28 Scale Mail Armor
22:34 Scale Mail Armor
22:40 Scale Barding Armor
22:38 Padded Archer Armor
22:31 Fletching
22:34 Arson
24:47 Gambesons
25:03 Squires
25:27 Chain Mail Armor
25:48 Iron Casting
26:36 Wheelbarrow
28:30 Ironclad
29:13 Stone Shaft Mining
29:04 Bow Saw
30:25 Heavy Plow
30:43 Hand Cart
33:27 Caravan
LooneyNZ
12:02 Feudal Age
13:25 Double-Bit Axe
16:01 Castle Age
15:07 Wheelbarrow
14:19 Loom
19:56 Hand Cart
21:03 Stone Mining
23:24 Scale Barding Armor
30:54 Imperial Age
28:52 Husbandry
29:13 Chain Barding Armor
29:25 Fortified Wall
29:30 Masonry
29:16 Gold Mining
29:41 Bow Saw
30:04 Forging
32:00 Iron Casting
31:01 Cavalier
西装老头
9:55 Feudal Age
15:48 Castle Age
14:26 Double-Bit Axe
19:44 Horse Collar
22:26 Wheelbarrow
28:26 Imperial Age
26:23 Gold Mining
26:29 Town Watch
27:00 Hand Cart
27:29 Forging
26:42 Pikeman
28:34 Halberdier
29:39 Conscription
30:00 Iron Casting
29:30 Heavy Plow
30:03 Stone Mining
33:03 Town Patrol
alexgiaco98
0:26 Loom
13:05 Feudal Age
14:35 Double-Bit Axe
14:48 Horse Collar
16:33 Gold Mining
16:34 Stone Mining
25:15 Castle Age
24:33 Bloodlines
26:53 Gold Shaft Mining
26:55 Stone Shaft Mining
26:33 Bow Saw
26:27 Heavy Plow
26:45 Husbandry
俺讨厌种田
12:17 Feudal Age
14:07 Loom
16:38 Castle Age
22:08 Imperial Age
21:50 Double-Bit Axe
32:23 Padded Archer Armor
Connection lost

Rejoining the realm…

Still unreachable

The connection could not be restored.

Session expired

The server has moved on; the page needs a fresh start.